 Dungeon Crawl Stone Soup version 0.28.0-53-g5a82cb258f (webtiles) character file.

Game seed: 7915549804977685660

614 LynnLen the Covert (level 7, -16/46 HPs)
             Began as a Vampire Enchanter on Aug 5, 2022.
             Demolished by an ogre
             ... wielding a +0 giant club
              (26 damage)
             ... on level 4 of the Dungeon.
             The game lasted 00:13:29 (4166 turns).

LynnLen the Covert (Vampire Enchanter)              Turns: 4166, Time: 00:13:30

Health: -16/46     AC:  8    Str:  7    XL:     7   Next: 20%
Magic:  10/10      EV: 12    Int: 17    God:
Gold:   266        SH:  0    Dex: 17    Spells: 7/10 levels left

rFire   . . .      SeeInvis +   p - +1 dagger (speed)
rCold   . . .      Faith    .   (no shield)
rNeg    . . .      Spirit   .   f - +0 leather armour
rPois   .          Reflect  .   d - +0 hat
rElec   .          Harm     .   (no cloak)
rCorr   .          Rampage  .   j - +0 pair of gloves
Will    .....                   (no boots)
Stlth   ++++......              (no amulet)
HPRegen 0.35/turn               n - +4 ring of protection
MPRegen 0.12/turn               (no ring)

@: healing quickly
A: alive, fangs 3, see invisible, vampiric 2
a: Exsanguinate


You were on level 4 of the Dungeon.
You visited 1 branch of the dungeon, and saw 4 of its levels.

You collected 266 gold pieces.

Inventory:

Hand Weapons
 a - a +1 dagger
 k - a +0 hunting sling
 p - a +1 dagger of speed (weapon)
Missiles
 r - 6 boomerangs of dispersal (quivered)
 t - 41 stones
Armour
 d - a +0 hat (worn)
 f - a +0 leather armour (worn)
 j - a +0 pair of gloves (worn)
Jewellery
 n - a +4 ring of protection (left hand)
Wands
 u - a wand of paralysis (6)
Scrolls
 c - 2 scrolls of blinking
 e - a scroll of fear {unknown}
 g - a scroll of immolation {unknown}
 h - 3 scrolls of teleportation
 m - a scroll of amnesia {unknown}
 v - a scroll of noise {unknown}
 w - a scroll of acquirement {unknown}
Potions
 b - 3 potions of lignification
 i - 2 potions of brilliance
 l - 3 potions of curing
 o - a potion of resistance {unknown}
 q - a potion of attraction {unknown}
 s - a potion of cancellation {unknown}


   Skills:
 * Level 7.0 Short Blades
 - Level 2.1 Dodging
 + Level 8.2 Stealth
 - Level 2.0 Spellcasting
 - Level 4.4 Hexes


You had 7 spell levels left.
You knew the following spells:

 Your Spells              Type           Power      Damage    Failure   Level
a - Confusing Touch       Hex            16%        N/A       14%         3

Your spell library contained the following spells:

 Spells                   Type           Power      Damage    Failure   Level
 Tukima's Dance           Hex            16%        N/A       14%         3
 Ensorcelled Hibernation  Hex/Ice        18%        N/A       19%         2
 Dazzling Flash           Conj/Hex       18%        N/A       34%         3


Dungeon Overview and Level Annotations

Branches:
Dungeon (4/15)
 Temple: D:4-7

Altars:
Wu Jian


Innate Abilities, Weirdness & Mutations

Your natural rate of healing is accelerated.
You have razor-sharp teeth.
You have supernaturally acute eyesight. (SInv)
You are afflicted with vampirism and can become a bat while bloodless.


Message History

The hobgoblin is heavily wounded.
The hobgoblin hits you but does no damage.
You hit the hobgoblin.
The hobgoblin is severely wounded.
You barely miss the hobgoblin.
The hobgoblin is severely wounded.
An ogre comes into view. It is wielding a +0 giant club.
The hobgoblin hits you but does no damage.
The ogre shouts!
You hit the hobgoblin.
You kill the hobgoblin!
You see here a hobgoblin corpse.
The ogre hits you with a +0 giant club!
You barely miss the ogre. You hit the ogre.
The ogre is lightly wounded.
The ogre hits you with a +0 giant club!!
Ouch! That really hurt!
* * * LOW HITPOINT WARNING * * *
You hit the ogre but do no damage.
The ogre is lightly wounded.
You hit the ogre.
The ogre is moderately wounded.
You barely miss the ogre.
The ogre is moderately wounded.
The ogre barely misses you.
You hit the ogre.
The ogre is moderately wounded.
You hit the ogre.
The ogre is moderately wounded.
You hit the ogre. You bite the ogre.
The ogre is heavily wounded.
The ogre closely misses you.
You hit the ogre. You bite the ogre.
The ogre is severely wounded.
You barely miss the ogre.
The ogre is severely wounded.
The ogre hits you with a +0 giant club!!
Ouch! That really hurt!
You die...

.# ##.##.#
#...............#
.# #.##.#
##.....########..
.# #.##.# ##...##
#..... .####.##.#
##.## #.###.
......##.# ### ###
#.##.. #....###..
..# #.##.. #..###
#.# #.##.. #..#
#O# #.##.. #..#
#@# #.##.. #.>#
#.# #.##.. #..#
#†# #..... #..#
#.##############..
#..# #.##.......#
#.. #..#
#.##.#####.# #.#
#..#
#########.##.# #.#
#.# #..#
#.........##.# #.#
#<# #..#
#.##########.# #.#
#..


You could see an ogre.

Vanquished Creatures
  An ice beast (D:3)
  An ogre (D:4)
  A phantom (D:4)
  A water moccasin skeleton (D:3)
  A hound (D:4)
  An orc priest (D:3)
  A jelly (D:4)
  3 gnolls (D:1)
  6 adders
  A white imp (D:4)
  An adder skeleton (D:4)
  3 worms
  3 dart slugs
  10 orcs (D:3)
  8 bats
  13 endoplasms
  6 giant cockroaches
  7 goblins
  5 hobgoblins
  8 jackals (D:4)
  4 kobolds
  5 quokkas
  6 ball pythons
  2 frilled lizards
  10 rats
108 creatures vanquished.

Notes
Turn   | Place    | Note
-------+----------+-------------------------------------------
     0 | D:1      | LynnLen the Vampire Enchanter began the quest for the Orb.
     0 | D:1      | Reached XP level 1. HP: 13/13 MP: 3/3
   269 | D:1      | Reached XP level 2. HP: 18/19 MP: 5/5
   293 | D:1      | Found a faded altar of an unknown god.
   676 | D:1      | Reached skill level 5 in Stealth
   899 | D:2      | Gained mutation: You are afflicted with vampirism and can
                  | become a bat while bloodless. [Vampire growth]
   899 | D:2      | Reached XP level 3. HP: 23/24 MP: 6/6
   906 | D:2      | Learned a level 3 spell: Confusing Touch
  1274 | D:1      | Reached XP level 4. HP: 27/30 MP: 3/7
  2400 | D:3      | Reached skill level 6 in Stealth
  2522 | D:3      | Reached XP level 5. HP: 35/35 MP: 8/8
  2559 | D:3      | Found an ornate altar of the Wu Jian Council.
  2689 | D:3      | Reached skill level 5 in Short Blades
  3092 | D:3      | Noticed an ice beast
  3127 | D:3      | Killed an ice beast
  3128 | D:3      | Reached skill level 7 in Stealth
  3128 | D:3      | Reached XP level 6. HP: 41/41 MP: 9/9
  3904 | D:4      | Reached XP level 7. HP: 46/46 MP: 10/10
  3928 | D:4      | Reached skill level 8 in Stealth
  4166 | D:4      | Demolished by an ogre

Illustrated notes

Levels and vault maps discovered:
D:1:      dpeg_arrival_ternary, layout_loops_ring,
          dreamdust_ecumenical_altar_statues
D:2:      layout_loops_cross
D:3:      layout_basic, old_standard_altar, hex_tiny, minmay_divided_ellipse
D:4:      layout_loops_ring, dk_noncrumbling_4

Skill      XL: |  1  2  3  4  5  6  7 |
---------------+----------------------+-----
Short Blades   | 2 3 4 5 6 7 |  7.0
Stealth        | 5 6 7 8 |  8.2
Dodging        | |  2.1
Spellcasting   | |  2.0
Hexes          | |  4.4

Action                   |  1- 3 |  4- 6 |  7- 9 || total
-------------------------+-------+-------+-------++-------
Melee: Dagger            |   121 |   387 |    29 ||   537
       Bite              |    10 |    37 |     4 ||    51
       Punch             |       |     3 |     2 ||     5
 Cast: Confusing Touch   |     2 |    11 |     2 ||    15
  Use: Scroll            |     4 |     2 |       ||     6
       Potion            |     1 |       |       ||     1
 Stab: Sleeping          |     7 |    16 |       ||    23
       Invisible         |     2 |       |       ||     2
       Distracted        |     1 |       |       ||     1
       Confused          |     1 |    10 |     2 ||    13
Armor: Leather armour    |    29 |    73 |     7 ||   109
Dodge: Dodged            |    54 |   142 |     8 ||   204
